| TOP OF THE 1ST |
|
Atlanta Braves batting - Pitching for Washington Nationals : RHP Danny Diaz
|
|
Pitching: RHP Danny Diaz
|
|
|
Batting: RHB Liangde Li
|
0-0: Called Strike 0-1: Called Strike 0-2: Ball 1-2: Ball 2-2: Ball 3-2: Fly out, F7 (Flyball, 7LM, EV 90.6 MPH)
|
|
Batting: SHB Floyd-William Goof
|
0-0: Ball 1-0: Ball 2-0: Ground out 4-3 (Groundball, 34, EV 82.5 MPH)
|
|
Batting: RHB Kevin Howard
|
0-0: Called Strike 0-1: Ball 1-1: Ball 2-1: Fly out, F9 (Flyball, 89S, EV 93.8 MPH)
|
| Top of the 1st over - 0 runs, 0 hits, 0 errors, 0 left on base; Atlanta 0 - Washington 0 |
| BOTTOM OF THE 1ST |
|
Washington Nationals batting - Pitching for Atlanta Braves : LHP Matthew Spurrell
|
|
Pitching: LHP Matthew Spurrell
|
|
|
Batting: RHB Tommy Baird
|
0-0: Foul Ball, location: 2F 0-1: Fly out, F8 (Flyball, 8RD, EV 84.4 MPH)
|
|
Batting: LHB Seth Cook
|
0-0: Ground out 2-3 (Groundball, 2R, EV 71.2 MPH)
|
|
Batting: RHB John Sanders
|
0-0: Ground out 4-3 (Groundball, 4S, EV 69.4 MPH)
|
| Bottom of the 1st over - 0 runs, 0 hits, 0 errors, 0 left on base; Atlanta 0 - Washington 0 |
| TOP OF THE 2ND |
|
Atlanta Braves batting - Pitching for Washington Nationals : RHP Danny Diaz
|
|
Batting: LHB Erik Gretzky
|
0-0: Ball 1-0: Fly out, F7 (Flyball, 7LSF, EV 93.1 MPH)
|
|
Batting: RHB Ike Trout
|
0-0: Fly out, F9 (Flyball, 89M, EV 99.4 MPH)
|
|
Batting: RHB Manny Vergara
|
0-0: Called Strike 0-1: Foul Ball, location: 2F 0-2: Strikes out looking
|
| Top of the 2nd over - 0 runs, 0 hits, 0 errors, 0 left on base; Atlanta 0 - Washington 0 |
| BOTTOM OF THE 2ND |
|
Washington Nationals batting - Pitching for Atlanta Braves : LHP Matthew Spurrell
|
|
Batting: RHB Kirk Arp
|
0-0: SINGLE (Line Drive, 34, EV 104.4 MPH)
|
|
Batting: LHB Emmanuel Gaskin
|
0-0: Called Strike Kirk Arp steals 2nd base (no throw) 0-1: Ball 1-1: Swinging Strike 1-2: Ground out 3-1 (Groundball, 34, EV 95.6 MPH) Kirk Arp to third
|
|
Batting: RHB Dave Vargas
|
0-0: Ball 1-0: Swinging Strike 1-1: Called Strike 1-2: Ball 2-2: Foul Ball, location: 2F 2-2: Fly out, F9 (Flyball, 9, EV 89.4 MPH)
|
|
Batting: LHB Kyung-jin Cho
|
0-0: Ball 1-0: SINGLE (Line Drive, 78S, EV 105.6 MPH) Kirk Arp scores
|
|
Batting: RHB Darren McCarty Jr.
|
0-0: Ball 1-0: Foul Ball, location: 2F 1-1: Foul Ball, location: 2F 1-2: Ball 2-2: DOUBLE (Line Drive, 89D, EV 102.5 MPH) Kyung-jin Cho to third Runner from 3rd tries for Home, SAFE, throw by RF to home
|
|
Batting: LHB Bob Melley
|
0-0: Ball 1-0: Ball 2-0: Fly out, F9 (Flyball, 89M, EV 83.8 MPH)
|
| Bottom of the 2nd over - 2 runs, 3 hits, 0 errors, 1 left on base; Atlanta 0 - Washington 2 |
| TOP OF THE 3RD |
|
Atlanta Braves batting - Pitching for Washington Nationals : RHP Danny Diaz
|
|
Batting: LHB Evan Torraville
|
0-0: Ball 1-0: Ball 2-0: Ball 3-0: Base on Balls
|
|
Batting: RHB J.J. Powers
|
0-0: Called Strike 0-1: Ball 1-1: Called Strike 1-2: Foul Ball, location: 2F 1-2: Ball 2-2: Foul Ball, location: 2F 2-2: Fly out, F7 (Line Drive, 7, EV 95.6 MPH)
|
|
Batting: RHB Zheng-ze King
|
0-0: Ball 1-0: Grounds into double play, 5-4-3 (Groundball, 56S, EV 90.0 MPH)
|
| Top of the 3rd over - 0 runs, 0 hits, 0 errors, 0 left on base; Atlanta 0 - Washington 2 |
| BOTTOM OF THE 3RD |
|
Washington Nationals batting - Pitching for Atlanta Braves : LHP Matthew Spurrell
|
|
Batting: RHB Tommy Baird
|
0-0: Called Strike 0-1: SINGLE (Flyball, 5D, EV 91.9 MPH)
|
|
Batting: LHB Seth Cook
|
0-0: Ball 1-0: Ball 2-0: Reached on error, E4 (Groundball, 4, EV 105.0 MPH) Tommy Baird to second
|
|
Batting: RHB John Sanders
|
0-0: Swinging Strike 0-1: Ball 1-1: Ball 2-1: Swinging Strike 2-2: Foul Ball, location: 2F 2-2: Ball 3-2: Foul Ball, location: 2F 3-2: Strikes out swinging
|
|
Batting: RHB Kirk Arp
|
0-0: Ball 1-0: Ball 2-0: Foul Ball, location: 2F 2-1: Ball 3-1: Fly out, F9 (Flyball, 89S, EV 93.1 MPH)
|
|
Batting: LHB Emmanuel Gaskin
|
0-0: Ball 1-0: Ball 2-0: Foul Ball, location: 2F 2-1: Swinging Strike 2-2: Foul Ball, location: 2F 2-2: SINGLE (Line Drive, 9LS, EV 98.8 MPH) Tommy Baird to third Seth Cook to second Runner from 3rd tries for Home, SAFE, throw by RF to home
|
|
Batting: RHB Dave Vargas
|
0-0: Fielders Choice at 2nd, 6-4 (Groundball, 6, EV 78.1 MPH)
|
| Bottom of the 3rd over - 1 run, 2 hits, 1 error, 2 left on base; Atlanta 0 - Washington 3 |
| TOP OF THE 4TH |
|
Atlanta Braves batting - Pitching for Washington Nationals : RHP Danny Diaz
|
|
DELAY
|
Rain delay of 47 minutes in the 4th inning.
|
|
Batting: RHB Liangde Li
|
0-0: Ball 1-0: Ball 2-0: Ball 3-0: Base on Balls
|
|
Batting: SHB Floyd-William Goof
|
0-0: Called Strike 0-1: Ball 1-1: Foul Ball, location: 2F 1-2: Ball 2-2: Ball 3-2: Foul Ball, location: 2F 3-2: Fly out, F8 (Flyball, 8LXD, EV 96.9 MPH)
|
|
Batting: RHB Kevin Howard
|
0-0: Foul Ball, location: 2F 0-1: SINGLE (Groundball, 56D, EV 101.2 MPH) Liangde Li to second
|
|
Batting: LHB Erik Gretzky
|
0-0: Called Strike Liangde Li steals 3rd base 0-1: Ball 1-1: Ball 2-1: Ball 3-1: Called Strike 3-2: DOUBLE (Line Drive, 9LD, EV 110.0 MPH) Liangde Li scores Kevin Howard to third Runner from 3rd tries for Home, throw by RF and OUT! 9-4-2 Erik Gretzky to third
|
|
Batting: RHB Ike Trout
|
0-0: Foul Ball, location: 2F 0-1: Foul Ball, location: 2F 0-2: Ball 1-2: Strikes out looking
|
| Top of the 4th over - 1 run, 2 hits, 0 errors, 1 left on base; Atlanta 1 - Washington 3 |
| BOTTOM OF THE 4TH |
|
Washington Nationals batting - Pitching for Atlanta Braves : LHP Matthew Spurrell
|
|
Batting: LHB Kyung-jin Cho
|
0-0: Ball 1-0: SINGLE (Line Drive, 6MD, EV 94.4 MPH)
|
|
Batting: RHB Darren McCarty Jr.
|
0-0: Ball 1-0: Ball 2-0: Called Strike 2-1: Ball 3-1: Grounds into double play, 5-4-3 (Groundball, 56, EV 88.8 MPH)
|
|
Batting: LHB Bob Melley
|
0-0: Called Strike 0-1: Ball 1-1: DOUBLE (Flyball, 8RXD, EV 108.8 MPH)
|
|
Batting: RHB Tommy Baird
|
0-0: Ball 1-0: Called Strike 1-1: Ball 2-1: Called Strike 2-2: Strikes out swinging
|
| Bottom of the 4th over - 0 runs, 2 hits, 0 errors, 1 left on base; Atlanta 1 - Washington 3 |
| TOP OF THE 5TH |
|
Atlanta Braves batting - Pitching for Washington Nationals : RHP Danny Diaz
|
|
Batting: RHB Manny Vergara
|
0-0: Ball 1-0: Ball 2-0: Swinging Strike 2-1: Called Strike 2-2: SINGLE (Line Drive, 56D, EV 94.4 MPH)
|
|
Batting: LHB Evan Torraville
|
0-0: Called Strike 0-1: Swinging Strike 0-2: Ball 1-2: Ball 2-2: Ball 3-2: Base on Balls Manny Vergara to second
|
|
Batting: RHB J.J. Powers
|
0-0: Swinging Strike 0-1: Called Strike 0-2: Ball 1-2: Strikes out swinging
|
|
Batting: RHB Zheng-ze King
|
0-0: Ball 1-0: Foul Ball, location: 2F 1-1: Called Strike 1-2: Ball 2-2: Ball 3-2: Strikes out swinging
|
|
Batting: RHB Liangde Li
|
0-0: Ball 1-0: Ball 2-0: Foul Ball, location: 2F 2-1: Ball 3-1: Called Strike 3-2: Ground out U3 (Groundball, 34S, EV 63.8 MPH)
|
| Top of the 5th over - 0 runs, 1 hit, 0 errors, 2 left on base; Atlanta 1 - Washington 3 |
| BOTTOM OF THE 5TH |
|
Washington Nationals batting - Pitching for Atlanta Braves : LHP Matthew Spurrell
|
|
Batting: LHB Seth Cook
|
0-0: Called Strike 0-1: Foul Ball, location: 2F 0-2: Ball 1-2: Strikes out swinging
|
|
Batting: RHB John Sanders
|
0-0: Swinging Strike 0-1: SINGLE (Flyball, 4D, EV 95.0 MPH)
|
|
Batting: RHB Kirk Arp
|
0-0: Called Strike 0-1: Ball 1-1: Ball 2-1: Swinging Strike 2-2: Strikes out swinging
|
|
Batting: LHB Emmanuel Gaskin
|
0-0: Foul Ball, location: 2F 0-1: SINGLE (Groundball, 5L, EV 95.6 MPH) John Sanders to second Runner from 2nd tries for 3rd, SAFE, throw by LF made to third
|
|
Batting: RHB Dave Vargas
|
0-0: Ball 1-0: Ground out 4-3 (Groundball, 4, EV 86.2 MPH)
|
| Bottom of the 5th over - 0 runs, 2 hits, 0 errors, 2 left on base; Atlanta 1 - Washington 3 |
| TOP OF THE 6TH |
|
Atlanta Braves batting - Pitching for Washington Nationals : RHP Danny Diaz
|
|
Batting: SHB Floyd-William Goof
|
0-0: Called Strike 0-1: Foul Ball, location: 2F 0-2: SINGLE (Groundball, 56D, EV 94.4 MPH)
|
|
Batting: RHB Kevin Howard
|
0-0: Fly out, F8 (Flyball, 8RM, EV 91.9 MPH)
|
|
Batting: LHB Erik Gretzky
|
0-0: Called Strike Floyd-William Goof steals 2nd base 0-1: Foul Ball, location: 2F 0-2: Ball 1-2: Foul Ball, location: 2F 1-2: Ground out 4-3 (Groundball, 34D, EV 102.5 MPH) Floyd-William Goof to third
|
|
Batting: RHB Ike Trout
|
0-0: Ball 1-0: Called Strike 1-1: Ball 2-1: Called Strike 2-2: Foul Ball, location: 2F 2-2: Ground out 6-3 (Groundball, 56D, EV 107.5 MPH)
|
| Top of the 6th over - 0 runs, 1 hit, 0 errors, 1 left on base; Atlanta 1 - Washington 3 |
| BOTTOM OF THE 6TH |
|
Washington Nationals batting - Pitching for Atlanta Braves : LHP Matthew Spurrell
|
|
Batting: LHB Kyung-jin Cho
|
0-0: Foul Ball, location: 2F 0-1: Ball 1-1: Foul Ball, location: 2F 1-2: Ground out 6-3 (Groundball, P, EV 78.8 MPH)
|
|
Batting: RHB Darren McCarty Jr.
|
0-0: Ball 1-0: Ball 2-0: Ball 3-0: Base on Balls
|
|
Batting: LHB Bob Melley
|
0-0: Ball 1-0: Grounds into double play, 3-6-1 (Groundball, 3, EV 87.5 MPH)
|
| Bottom of the 6th over - 0 runs, 0 hits, 0 errors, 0 left on base; Atlanta 1 - Washington 3 |
| TOP OF THE 7TH |
|
Atlanta Braves batting - Pitching for Washington Nationals : RHP Danny Diaz
|
|
Batting: RHB Manny Vergara
|
0-0: Ball 1-0: Ball 2-0: Ball 3-0: Called Strike 3-1: SINGLE (Groundball, 5D, EV 93.8 MPH)
|
|
Pitching: RHP Travis Plesz
|
|
|
Batting: LHB Evan Torraville
|
0-0: Foul Ball, location: 2F 0-1: Foul Ball, location: 2F 0-2: Foul Ball, location: 2F 0-2: Foul Ball, location: 2F 0-2: Ball 1-2: Ball 2-2: Foul Ball, location: 2F 2-2: Grounds out, U3 (Groundball, 3L, EV 85.0 MPH)
|
|
Batting: RHB J.J. Powers
|
0-0: Called Strike 0-1: Swinging Strike 0-2: Ball 1-2: Ball 2-2: Strikes out swinging, 2-3 out at first.
|
|
Batting: RHB Zheng-ze King
|
0-0: Foul Ball, location: 2F 0-1: Swinging Strike 0-2: Ball 1-2: Foul Ball, location: 2F 1-2: Ball 2-2: Ball 3-2: Foul Ball, location: 2F 3-2: Ground out 6-3 (Groundball, 6, EV 82.5 MPH)
|
| Top of the 7th over - 0 runs, 1 hit, 0 errors, 1 left on base; Atlanta 1 - Washington 3 |
| BOTTOM OF THE 7TH |
|
Washington Nationals batting - Pitching for Atlanta Braves : LHP Matthew Spurrell
|
|
Batting: RHB Tommy Baird
|
0-0: Ground out U3 (Groundball, 3, EV 85.6 MPH)
|
|
Batting: LHB Seth Cook
|
0-0: Called Strike 0-1: Foul Ball, location: 2F 0-2: Ball 1-2: Ball 2-2: Foul Ball, location: 2F 2-2: Ground out 5-3 (Groundball, 56, EV 90.6 MPH)
|
|
Batting: RHB John Sanders
|
0-0: Ball 1-0: Swinging Strike 1-1: Foul Ball, location: 2F 1-2: SINGLE (Flyball, 7LS, EV 95.6 MPH)
|
|
Pitching: RHP Nate Bixler
|
|
|
Batting: RHB Kirk Arp
|
0-0: Ball 1-0: Swinging Strike 1-1: Hit by Pitch John Sanders to second
|
|
Pitching: LHP Gil Longoria
|
|
|
Batting: LHB Emmanuel Gaskin
|
0-0: Called Strike 0-1: Called Strike 0-2: Ball 1-2: Foul Ball, location: 2F 1-2: Ball 2-2: Strikes out swinging
|
| Bottom of the 7th over - 0 runs, 1 hit, 0 errors, 2 left on base; Atlanta 1 - Washington 3 |
| TOP OF THE 8TH |
|
Atlanta Braves batting - Pitching for Washington Nationals : RHP Travis Plesz
|
|
Now at 2B: Kirk Arp
|
|
|
Now at SS: Dylan Novakowski
|
|
|
Now in LF: Eric Wiss
|
|
|
Now in CF: Tommy Baird
|
|
|
Batting: RHB Liangde Li
|
0-0: Fly out, F8 (Flyball, 89M, EV 82.5 MPH)
|
|
Batting: SHB Floyd-William Goof
|
0-0: Hit by Pitch
|
|
Batting: RHB Kevin Howard
|
0-0: Swinging Strike 0-1: Ball 1-1: Foul Ball, location: 2F 1-2: Ball 2-2: Foul Ball, location: 2F 2-2: Foul Ball, location: 2F 2-2: Ball 3-2: Foul Ball, location: 2F 3-2: SINGLE (Line Drive, 78S, EV 87.5 MPH) Floyd-William Goof to second Floyd-William Goof to third
|
|
Batting: LHB Erik Gretzky
|
0-0: Swinging Strike 0-1: Called Strike 0-2: Ball 1-2: SINGLE (Groundball, 34D, EV 113.1 MPH) Floyd-William Goof scores Kevin Howard to second
|
|
Batting: RHB Ike Trout
|
0-0: Ball 1-0: Called Strike 1-1: Ball 2-1: Ball 3-1: Foul Ball, location: 2F 3-2: Strikes out swinging
|
|
Batting: RHB Manny Vergara
|
0-0: Ball 1-0: Called Strike 1-1: Ball 2-1: Ball 3-1: Base on Balls Kevin Howard to third Erik Gretzky to second
|
|
Pitching: RHP Lionardo Rabelo
|
|
|
Batting: LHB Evan Torraville
|
0-0: Called Strike 0-1: Swinging Strike 0-2: Strikes out swinging
|
| Top of the 8th over - 1 run, 2 hits, 0 errors, 3 left on base; Atlanta 2 - Washington 3 |
| BOTTOM OF THE 8TH |
|
Washington Nationals batting - Pitching for Atlanta Braves : LHP Gil Longoria
|
|
Batting: RHB Dave Vargas
|
0-0: Ball 1-0: SINGLE (Line Drive, 89S, EV 105.6 MPH)
|
|
Batting: SHB Dylan Novakowski
|
0-0: Ball 1-0: Sac Bunt to P - play at first, batter OUT! 1-3 Dave Vargas to second
|
|
Batting: RHB Darren McCarty Jr.
|
0-0: Called Strike 0-1: Called Strike 0-2: Ball 1-2: Ball 2-2: Ball 3-2: Foul Ball, location: 2F 3-2: Ground out 4-3 (Groundball, 4M, EV 86.2 MPH) Dave Vargas to third
|
|
Batting: LHB Bob Melley
|
0-0: Fly out, F4 (Line Drive, 4, EV 75.0 MPH)
|
| Bottom of the 8th over - 0 runs, 1 hit, 0 errors, 1 left on base; Atlanta 2 - Washington 3 |
| TOP OF THE 9TH |
|
Atlanta Braves batting - Pitching for Washington Nationals : RHP Lionardo Rabelo
|
|
Pitching: RHP David Sly
|
|
|
Batting: RHB J.J. Powers
|
0-0: Called Strike 0-1: Swinging Strike 0-2: Fly out, F5 (Line Drive, 5L, EV 76.2 MPH)
|
|
Batting: RHB Zheng-ze King
|
0-0: SOLO HOME RUN (Flyball, 89XD, EV 99.4 MPH), Distance : 393 ft
|
|
Batting: RHB Liangde Li
|
0-0: Ball 1-0: Ball 2-0: Called Strike 2-1: Ball 3-1: Foul Ball, location: 2F 3-2: Strikes out swinging
|
|
Batting: SHB Floyd-William Goof
|
0-0: Ball 1-0: Called Strike 1-1: Ball 2-1: Foul Ball, location: 2F 2-2: Foul Ball, location: 2F 2-2: SINGLE (Groundball, 6MD, EV 103.1 MPH)
|
|
Batting: RHB Kevin Howard
|
0-0: Ball 1-0: Called Strike 1-1: Ball 2-1: Called Strike Floyd-William Goof steals 2nd base 2-2: Foul Ball, location: 2F 2-2: Ball 3-2: Base on Balls
|
|
Batting: LHB Erik Gretzky
|
0-0: SINGLE (Groundball, 34S, EV 72.5 MPH) (infield hit) Floyd-William Goof to third Kevin Howard to second
|
|
Batting: RHB Ike Trout
|
0-0: Foul Ball, location: 2F 0-1: Ball 1-1: Ball 2-1: Ball 3-1: Base on Balls Floyd-William Goof scores Kevin Howard to third Erik Gretzky to second
|
|
Pitching: LHP VirgĂlio Beyfus
|
|
|
Batting: RHB Manny Vergara
|
0-0: Called Strike 0-1: Called Strike 0-2: Ball 1-2: Ball 2-2: Ball 3-2: Base on Balls Kevin Howard scores Erik Gretzky to third Ike Trout to second
|
|
Batting: LHB Evan Torraville
|
0-0: Called Strike 0-1: Foul Ball, location: 2F 0-2: Foul Ball, location: 2F 0-2: Ball 1-2: Ball 2-2: Strikes out swinging
|
| Top of the 9th over - 3 runs, 3 hits, 0 errors, 3 left on base; Atlanta 5 - Washington 3 |
| BOTTOM OF THE 9TH |
|
Washington Nationals batting - Pitching for Atlanta Braves : LHP Gil Longoria
|
|
Pitching: LHP Sam Schrecengost
|
|
|
Now at 2B: J.J. Powers
|
|
|
Now at SS: Yasuhide Kasahara
|
|
|
Batting: RHB Tommy Baird
|
0-0: Called Strike 0-1: Ball 1-1: Foul Ball, location: 2F 1-2: Strikes out looking
|
|
Pinch Hitting: RHB Dan Fallon
|
0-0: Ball 1-0: Foul Ball, location: 2F 1-1: Foul Ball, location: 2F 1-2: Ball 2-2: Strikes out looking
|
|
Batting: RHB Eric Wiss
|
0-0: Called Strike 0-1: SINGLE (Groundball, 4MD, EV 95.0 MPH)
|
|
Batting: RHB Kirk Arp
|
0-0: Called Strike 0-1: Ball 1-1: Foul Ball, location: 2F 1-2: Foul Ball, location: 2F 1-2: Fly out, F8 (Flyball, 8RXD, EV 103.8 MPH)
|
| Bottom of the 9th over - 0 runs, 1 hit, 0 errors, 1 left on base; Atlanta 5 - Washington 3 |
|